 Dungeon Crawl Stone Soup version 0.22-a0-571-g4a923d4 (webtiles) character file.

13629 Hebeh the Spear-Bearer (level 11, -2/99 HPs)
             Began as a Minotaur Fighter on July 1, 2018.
             Was a Priest of Trog.
             Slain by a sixfirhy (11 damage)
             ... on level 1 of the Abyss.
             The game lasted 00:51:17 (11725 turns).

Hebeh the Spear-Bearer (Minotaur Fighter)          Turns: 11725, Time: 00:51:17

Health: -2/99      AC: 18    Str: 27    XL:     11   Next: 78%
Magic:  14/14      EV:  6    Int:  5    God:    Trog [***...]
Gold:   422        SH: 12    Dex: 13    Spells: 10/10 levels left

rFire    + + .     SeeInvis +   a - +5 trident (flame)
rCold    + . .     Gourm    .   c - +0 shield
rNeg     . . .     Faith    .   B - +0 plate armour
rPois    .         Spirit   .   (helmet restricted)
rElec    .         Reflect  .   t - scarf {rC+ rF+}
rCorr    +         Harm     .   l - +0 pair of gloves {Dex+3}
MR       .....                  h - +1 pair of boots
Stlth    ..........             D - amulet of regeneration
HPRegen  0.66/turn              R - ring of Sics {Wiz rF++ SInv}
MPRegen  0.14/turn              L - ring of Undoing {rCorr rF- Str+3 Stlth+}

@: silenced
A: retaliatory headbutt, horns 2
a: Renounce Religion


You were on level 1 of the Abyss.
You worshipped Trog.
Trog was most pleased with you.
You were not hungry.

You visited 3 branches of the dungeon, and saw 13 of its levels.
You visited the Abyss 1 time.

You collected 625 gold pieces.
You spent 203 gold pieces at shops.

Inventory:

Hand Weapons
 a - a +5 trident of flaming (weapon)
 b - a +1 war axe of holy wrath
Missiles
 I - 6 javelins of returning (quivered)
Armour
 c - a +0 shield (worn)
 h - a +1 pair of boots (worn)
 l - a +0 pair of gloves of dexterity (worn)
 t - a scarf of resistance (worn)
 B - a +0 plate armour (worn)
Jewellery
 D - an amulet of regeneration (around neck)
 L - the ring of Undoing (right hand) {rCorr rF- Str+3 Stlth+}
   (You found it on level 1 of the Lair of Beasts)

   [ring of resist corrosion]

   It affects your strength (+3).
   It makes you vulnerable to fire.
   It makes you more stealthy.
 R - the ring of Sics (left hand) {Wiz rF++ SInv}
   (You bought it in a shop on level 10 of the Dungeon)

   [ring of wizardry]

   It improves your spell success rate.
   It greatly protects you from fire.
   It lets you see invisible.
Wands
 k - a wand of enslavement (29)
 w - a wand of random effects (65)
 z - a wand of flame (20)
 C - a wand of scattershot (11)
 H - a wand of acid (10)
 J - a wand of digging (9)
Scrolls
 e - 4 scrolls of fog
 j - 6 scrolls of remove curse
 u - 3 scrolls of identify
 v - 2 scrolls of teleportation
 x - a scroll of holy word {unknown}
 E - 2 scrolls of fear
 K - a scroll of magic mapping
 M - a scroll of silence
Potions
 d - 2 potions of might
 g - 2 potions of ambrosia
 i - 9 potions of curing
 m - a potion of resistance {unknown}
 n - a potion of flight {unknown}
 o - 3 potions of haste
 p - 2 potions of agility
 q - a potion of brilliance {unknown}
 r - a potion of degeneration {unknown}
 s - 2 potions of magic {unknown}
 F - 3 potions of heal wounds {unknown}
 G - 3 potions of cancellation
 O - a potion of lignification {unknown}
Comestibles
 f - 26 rations
 A - 2 chunks of flesh


   Skills:
 + Level 9.7 Fighting
 - Level 9.7(11.7) Axes
 * Level 10.8(12.2) Polearms
 + Level 2.5 Throwing
 + Level 9.6 Armour
 + Level 9.7 Shields
 + Level 6.3 Evocations


You had 10 spell levels left.
You didn't know any spells.
Your spell library was empty.

Dungeon Overview and Level Annotations

Branches:
Dungeon (11/15)            Temple (1/1) D:6            Lair (1/6) D:8
    Orc (0/2) D:10

Altars:
Cheibriados
Dithmenos
Elyvilon
Gozag
Hepliaklqana
Kikubaaqudgha
Makhleb
Nemelex Xobeh
Qazlal
Ru
Sif Muna
Trog
Uskayaw
Vehumet
Wu Jian
Xom
Zin
The Shining One
Beogh

Shops:
D:9 %   D:10 *

Annotations:
D:11 Erolcha
Lair:1 1 runed door, urutzu's ghost, journeyman SpEn


Innate Abilities, Weirdness & Mutations

You reflexively headbutt those who attack you in melee.
You have a pair of horns on your head.


Message History

You feel sick.
The ufetubus disappears in a puff of smoke!
A sixfirhy comes into view.
You feel yourself growing ill in the presence of the ancient zyme.
You feel sick.
You are no longer poisoned.
The sixfirhy hits you. The sixfirhy shocks you! The sixfirhy barely misses you.
You furiously retaliate!
You headbutt the sixfirhy! The sixfirhy hits you.
* * * LOW HITPOINT WARNING * * *
The sixfirhy shocks you!
* * * LOW HITPOINT WARNING * * *
You feel yourself growing ill in the presence of the ancient zyme.
An Executioner comes into view.
Found 28 sling bullets.
The sixfirhy hits you but does no damage.
An iron imp comes into view.
The sixfirhy hits you!
* * * LOW HITPOINT WARNING * * *
The sixfirhy shocks you!
You die...

.. .. .# ##
.### ##..
..####..##.#.
.....#5#.#.
#.....#
##.@#.##ยง.
##.3.....(#
#........#..
#..#W###..#
#.##...#....
...#.##.#
##.# ..#...
#.######
##..... #.x1.
# ###....W#.4
# ##


You could see a silent spectre, a sixfirhy and an iron imp.

Vanquished Creatures
  Harold (D:11)
  3 two-headed ogres
  A large abomination (Abyss:1)
  Pikel (D:9)
  An ugly thing (D:11)
  Joseph (D:7)
  3 spiny frogs (Lair:1)
  3 hippogriffs
  Sigmund (D:2)
  2 hungry ghosts
  Duvessa (D:7)
  5 orc warriors
  2 water moccasins
  4 sky beasts
  2 porcupines (Lair:1)
  2 slaves (D:9)
  4 black bears
  3 ice beasts
  5 phantoms
  9 ogres
  2 centaurs
  3 wolves (Lair:1)
  2 crocodiles
  Blork the orc (D:5)
  9 bullfrogs
  Dowan (D:7)
  5 scorpions
  A wyvern skeleton (D:9)
  A water moccasin skeleton (D:6)
  18 wights
  6 electric eels
  4 howler monkeys
  4 crimson imps
  4 hounds
  A bullfrog zombie (D:8)
  7 jellies
  11 orc priests
  3 bullfrog skeletons
  3 iguanas
  Ijyb (D:5)
  8 orc wizards
  6 worker ants
  2 hound skeletons
  A worker ant zombie (D:11)
  3 gnolls (D:3)
  9 adders
  A shadow imp (D:9)
  An ooze (D:1)
  An adder zombie (D:10)
  2 worms
  A dart slug (D:2)
  4 leopard geckos
  48 orcs
  4 ball pythons
  6 bats
  6 giant cockroaches
  8 goblins
  10 hobgoblins
  13 jackals
  6 kobolds
  5 quokkas
  6 frilled lizards
  A quokka skeleton (D:5)
  8 rats
  A fungus (Lair:1)
  A plant (Lair:1)
303 creatures vanquished.

Vanquished Creatures (others)
  A slave (D:9)
1 creature vanquished.

Grand Total: 304 creatures vanquished

Notes
Turn   | Place    | Note
-------+----------+-------------------------------------------
     0 | D:1      | Hebeh the Minotaur Fighter began the quest for the Orb.
     0 | D:1      | Reached XP level 1. HP: 19/19 MP: 0/0
   362 | D:1      | Reached XP level 2. HP: 24/27 MP: 1/1
   568 | D:1      | Reached XP level 3. HP: 33/33 MP: 2/2
   752 | D:2      | Found a glowing silver altar of Zin.
   858 | D:2      | Noticed Sigmund
   868 | D:2      | Killed Sigmund
   868 | D:2      | Reached XP level 4. HP: 7/41 MP: 3/3
   868 | D:2      | Reached XP level 5. HP: 8/47 MP: 4/4
  1520 | D:3      | Reached skill level 5 in Axes
  1680 | D:3      | Reached XP level 6. HP: 55/55 MP: 5/5
  2134 | D:3      | Reached skill level 5 in Shields
  2394 | D:4      | Reached skill level 5 in Armour
  2486 | D:4      | Reached skill level 5 in Fighting
  2813 | D:4      | Reached skill level 1 in Evocations
  2945 | D:4      | Reached XP level 7. HP: 61/61 MP: 6/6
  3005 | D:4      | Found a stormy altar of Qazlal.
  3224 | D:5      | Entered Level 5 of the Dungeon
  3338 | D:5      | Noticed Blork the orc
  3353 | D:5      | Killed Blork the orc
  3455 | D:5      | Reached skill level 1 in Polearms
  3569 | D:5      | Noticed Ijyb
  3573 | D:5      | Reached XP level 8. HP: 46/70 MP: 8/8
  3579 | D:5      | Killed Ijyb
  3748 | D:5      | Found a glowing golden altar of the Shining One.
  3784 | D:5      | Reached skill level 2 in Polearms
  3958 | D:6      | Reached skill level 3 in Polearms
  4186 | D:6      | Reached skill level 4 in Polearms
  4426 | D:6      | Reached XP level 9. HP: 69/78 MP: 10/10
  4476 | D:6      | Found a staircase to the Ecumenical Temple.
  4585 | D:6      | Found an ancient bone altar of Kikubaaqudgha.
  4642 | D:6      | Reached skill level 5 in Polearms
  4870 | Temple   | Entered the Ecumenical Temple
  4961 | Temple   | Became a worshipper of Trog the Wrathful
  5398 | D:7      | Found a hide-covered altar of Uskayaw.
  5406 | D:7      | Noticed Joseph
  5418 | D:7      | Killed Joseph
  5418 | D:7      | Reached skill level 6 in Polearms
  5674 | D:7      | Noticed Duvessa
  5681 | D:7      | Reached * piety under Trog
  5682 | D:7      | Noticed Dowan
  5692 | D:7      | Killed Duvessa
  5889 | D:7      | Reached skill level 7 in Polearms
  6167 | D:7      | Killed Dowan
  6266 | D:8      | Found a glowing golden altar of the Shining One.
  6323 | D:8      | Reached XP level 10. HP: 77/88 MP: 12/12
  6461 | D:8      | Found a sparkling altar of Nemelex Xobeh.
  6605 | D:8      | Found a staircase to the Lair.
  6882 | D:8      | Reached ** piety under Trog
  7075 | Lair:1   | Entered Level 1 of the Lair of Beasts
  7098 | Lair:1   | Got a heavily runed bronze ring
  7241 | Lair:1   | Reached skill level 8 in Polearms
  7406 | Lair:1   | Noticed a spiny frog
  7420 | Lair:1   | Killed a spiny frog
  7441 | Lair:1   | Found a runed door.
  7452 | Lair:1   | Noticed urutzu's ghost (journeyman SpEn)
  7527 | Lair:1   | Noticed a spiny frog
  7535 | Lair:1   | Killed a spiny frog
  7707 | Lair:1   | Reached skill level 5 in Evocations
  8015 | Lair:1   | Noticed a spiny frog
  8022 | Lair:1   | Killed a spiny frog
  8437 | D:8      | Identified the ring of Undoing {rCorr rF- Str+3 Stlth+} (You found it on level 1 of the Lair of Beasts)
  8635 | D:9      | Reached skill level 9 in Polearms
  8698 | D:9      | Found Dus Terilak's Food Emporium.
  8722 | D:9      | Noticed Pikel
  8749 | D:9      | Killed Pikel
  8796 | D:9      | Reached XP level 11. HP: 87/95 MP: 14/14
  8996 | D:9      | Reached *** piety under Trog
  8996 | D:9      | Noticed a two-headed ogre
  9007 | D:9      | Killed a two-headed ogre
  9208 | D:9      | Found a sacrificial altar of Ru.
  9223 | D:9      | Received a gift from Trog
  9481 | D:10     | Entered Level 10 of the Dungeon
  9519 | D:10     | Found a staircase to the Orcish Mines.
  9588 | D:10     | Found a roughly hewn altar of Beogh.
 10401 | D:10     | Noticed a two-headed ogre
 10412 | D:10     | Killed a two-headed ogre
 10412 | D:10     | Reached skill level 10 in Polearms
 10412 | D:10     | Reached skill level 1 in Throwing
 10936 | D:10     | Found Qoykkis's Assorted Antiques.
 10944 | D:10     | Bought a scroll labeled DATTAZX MILARE for 29 gold pieces
 10944 | D:10     | Bought a scroll labeled TEGAHE NITU for 29 gold pieces
 10944 | D:10     | Bought a pitted wooden ring for 145 gold pieces
 10945 | D:10     | Identified the ring of Sics {Wiz rF++ SInv} (You bought it in a shop on level 10 of the Dungeon)
 11248 | D:11     | Noticed a brown ugly thing
 11265 | D:11     | Killed a brown ugly thing
 11348 | D:11     | Noticed a two-headed ogre
 11358 | D:11     | Killed a two-headed ogre
 11481 | D:11     | Noticed Harold
 11509 | D:11     | Killed Harold
 11636 | D:11     | Noticed Erolcha
 11644 | D:11     | Cast into level 1 of the Abyss (Erolcha)
 11657 | Abyss:1  | Noticed a large abomination
 11675 | Abyss:1  | Killed a large abomination
 11676 | Abyss:1  | Found a sacrificial altar of Ru.
 11717 | Abyss:1  | Noticed a sixfirhy
 11721 | Abyss:1  | Noticed an Executioner
 11725 | Abyss:1  | Slain by a sixfirhy

Vault maps used:
D:1:      minmay_arrival_five_plusses
D:2:      nicolae_overflow_crystal_walls, uniq_sigmund
D:3:      kennysheep_boxes
D:4:      first_ration, hangedman_decor_opposing,
          nicolae_qazlal_eye_of_the_storm
D:5:      kennysheep_mini, uniq_ijyb, uniq_blork_the_orc
D:6:      kennysheep_little_box, temple_hall, kennysheep_generic_room_2
D:7:      lemuel_round_altar, uniq_duvessa, uniq_joseph
D:8:      nemelex_xobeh_ov_fountains_minmay, lair_entry_dummy, basic_altar
D:9:      lemuel_crystal_altar, serial_shops, shop, uniq_pikel
D:10:     minmay_orc_entry_temple_small, serial_shops, shop
D:11:     uniq_harold, uniq_erolcha
Temple:   regret_index_temple_sphere_string
Lair:1:   ebering_ghost_reflecting_pool, serial_bayou_lagoon_b

Skill      XL: |  1  2  3  4  5  6  7  8  9 10 11 |
---------------+----------------------------------+-----
Axes           | 3 4 5 6 7 8 9 |  9.7
Fighting       | 4 5 6 7 8 9 |  9.7
Armour         | 4 5 6 7 8 9 |  9.6
Shields        | 4 5 6 7 8 9 |  9.7
Evocations     | 1 2 3 4 5 6 |  6.3
Polearms       | 1 4 7 9 10 | 10.8
Throwing       | 2 |  2.5

Action                   |  1- 3 |  4- 6 |  7- 9 | 10-12 || total
-------------------------+-------+-------+-------+-------++-------
Melee: War axe           |    72 |   119 |    47 |       ||   238
       Headbutt          |     8 |    31 |    53 |    90 ||   182
       Trident           |       |       |   244 |   417 ||   661
Invok: Berserk           |       |       |     1 |       ||     1
       Trog's Hand       |       |       |       |     1 ||     1
  Use: Scroll            |       |     6 |     2 |    14 ||    22
  Eat: Chunk             |       |     7 |     8 |    12 ||    27
       Ration            |       |       |     3 |     4 ||     7
Armor: Scale mail        |    30 |    43 |    49 |       ||   122
       Plate armour      |       |       |    63 |   153 ||   216
Dodge: Dodged            |    20 |    39 |    46 |    67 ||   172
Block: Shield            |    36 |    61 |   126 |   174 ||   397

Table legend:
 A = Spawn XP
 B = Non-spawn XP
 C = Spawn XP percentage of total XP
 D = Spawn monster count
 E = Non-spawn monster count
 F = Spawn count percentage of total count
 G = Total turns spent on level
                    A         B        C        D         E        F      G
               +---------+---------+-------+---------+---------+-------+---------
         Total |     742 |   18728 |   3.8 |       1 |     298 |   0.3 | 11725
               +---------+---------+-------+---------+---------+-------+---------
           D:1 |       0 |      45 |   0.0 |       0 |      24 |   0.0 |   658
           D:2 |       0 |     262 |   0.0 |       0 |      18 |   0.0 |   748
           D:3 |       0 |     167 |   0.0 |       0 |      37 |   0.0 |   983
           D:4 |       0 |     341 |   0.0 |       0 |      15 |   0.0 |   835
           D:5 |       0 |     767 |   0.0 |       0 |      23 |   0.0 |   650
           D:6 |       0 |    1556 |   0.0 |       0 |      28 |   0.0 |  1211
           D:7 |       0 |    2257 |   0.0 |       0 |      34 |   0.0 |  1015
           D:8 |       0 |    1166 |   0.0 |       0 |      23 |   0.0 |   914
           D:9 |       0 |    3680 |   0.0 |       0 |      39 |   0.0 |  1643
          D:10 |       0 |    2449 |   0.0 |       0 |      29 |   0.0 |  1241
          D:11 |       0 |    3082 |   0.0 |       0 |      11 |   0.0 |   280
        Lair:1 |       0 |    2956 |   0.0 |       0 |      17 |   0.0 |  1361
       Abyss:1 |     742 |       0 | 100.0 |       1 |       0 | 100.0 |    81
               +---------+---------+-------+---------+---------+-------+---------
